Map: Línea Aguablanca EE

Players

DrDiablo - Winner!

  • Race: Terran Terran
  • League: Gold
  • Spawn Location: 6:00

pixi - Winner!

  • Race: Protoss Protoss
  • Spawn Location: 7:00

RonTron - Winner!

  • Race: Protoss Protoss
  • Spawn Location: 7:00

MrFercho

  • Race: Zerg Zerg
  • League: Silver
  • Spawn Location: 1:00

tigro

  • Race: Terran Terran
  • League: Bronze
  • Spawn Location: 12:00

TATORREA

  • Race: Protoss Protoss
  • League: Silver
  • Spawn Location: 1:00

VOD

Have the link to the VOD?

Description

Time

  • Played on: June 6, 2020, 8:34 p.m.
  • Length: 17:46
Show
View Real Time Build Order
Export as new Build Order

DrDiablo Terran - Winner!

Build Orders: 2 Factory 

Get SALT Encoding   

  12  0:01  SCV  
  13  0:13  SCV  
  14  0:19  Supply Depot  
  14  0:25  SCV  
  15  0:33  Refinery  
  15  0:40  SCV  
  16  0:44  Barracks  
  16  0:52  Refinery  
  16  0:55  Refinery  
  16  0:57  SCV  
  17  1:09  SCV  
  18  1:21  SCV  
  19  1:34  SCV  
  19  1:35  Supply Depot  
  20  1:44  Barracks Reactor  
  19  1:47  SCV  
  20  1:56  Factory  
  20  1:59  SCV  
  21  2:12  SCV  
  22  2:17  Factory  
  22  2:22  Reaper  
  23  2:25  SCV  
  23  2:27  Reaper  
  25  2:46  Supply Depot  
  25  2:50  Factory Tech Lab  
  25  2:54  Reaper  
  26  2:59  Reaper  
  27  3:06  SCV  
  27  3:11  Starport  
  28  3:45  Siege Tank  
  28  3:47  SCV  
  32  3:50  Supply Depot  
  32  4:18  Command Center  
  31  4:42  Hellion x2  
  35  4:46  Siege Tank  
  35  4:48  Starport Tech Lab  
  38  4:53  Armory, SCV  
  39  5:07  Hellion x2  
  39  5:11  Supply Depot, SCV  
  44  5:15  Engineering Bay  
  44  5:18  Siege Tank  
  47  5:30  Widow Mine x2  
  51  5:37  Orbital Command  
  51  5:44  Orbital Command  
  51  5:51  Missile Turret  
  51  5:54  Siege Tank  
  51  5:56  Hellion  
  56  5:59  Widow Mine  
  58  6:07  SCV  
  59  6:19  SCV  
  59  6:20  Cloaking Field  
  59  6:22  Banshee  
  59  6:24  SCV  
  64  6:39  SCV  
  65  6:42  Refinery  
  65  6:44  Refinery  
  65  6:46  Siege Tank  
  68  6:51  SCV  
  69  7:01  Infernal Pre-Igniter  
  69  7:09  Hellion x2  
  69  7:42  SCV  
  70  7:52  Supply Depot  
  70  8:01  Starport, Terran Vehicle Weapons Level 1  
  70  8:14  Hellion x2, Siege Tank, SCV  
  70  8:16  Supply Depot  
  78  8:29  Factory  
  78  8:37  Banshee  
  78  8:39  Missile Turret  
  81  8:48  Hellion x2  
  85  8:54  Siege Tank  
  83  8:59  Missile Turret  
  79  9:12  Hellion  
  78  9:17  Hellion  
  74  9:47  Thor  
  74  9:49  Hellion  
  74  9:51  Starport Reactor  
  82  9:53  Raven  
  82  9:59  Factory Tech Lab  
  84  10:02  SCV  
  85  10:19  SCV  
  86  10:26  Factory  
  86  10:35  SCV  
  85  10:41  Thor  
  86  10:46  Command Center  
  84  10:53  Hellion  
  84  10:54  Hellion  
  64  11:14  Factory Tech Lab  
  64  11:18  Hellion x2  
  65  11:21  Thor  
  69  11:27  SCV  
  64  11:39  SCV  
  61  11:58  Thor  
  61  11:59  Thor  
  73  12:11  SCV  
  73  12:14  SCV  
  75  12:20  Siege Tank  
  75  12:22  Viking x2  
  80  12:23  SCV  
  80  12:26  SCV, Terran Vehicle And Ship Armor Level 1  
  84  12:32  Armory  
  84  12:38  SCV  
  84  12:41  Thor  
  91  12:50  SCV  
  92  12:56  Thor  
  92  12:57  Factory  
  98  13:00  Hellion  
  98  13:02  SCV  
  101  13:08  Hellion  
  103  13:13  Supply Depot  
  103  13:23  Refinery  
  103  13:25  Refinery  
  103  13:37  Supply Depot, Thor  
  103  13:38  Thor  
  115  13:42  Factory Tech Lab  
  115  13:52  Viking x2  
  115  13:53  Terran Vehicle Weapons Level 2  
  119  14:00  Supply Depot  
  119  14:07  Starport  
  119  14:13  Hellion x2  
  123  14:20  Terran Ship Weapons Level 1  
  123  14:21  SCV  
  124  14:30  Viking x2  
  128  14:32  Banshee  
  128  14:33  SCV  
  132  14:45  Supply Depot  
  132  14:46  SCV  
  133  14:52  Thor  
  139  15:08  Supply Depot  
  122  15:31  Supply Depot  
  122  15:45  Hellion x2  
  120  15:55  Supply Depot  
  120  15:56  Thor x4  
  138  15:58  Thor  
  138  16:06  Hellion  
  140  16:21  Hellion  
  142  16:27  Viking x2  
  142  16:28  Hellion  
  146  16:32  Thor  
  146  16:33  Thor x7  
  146  16:38  Thor  
Show
View Real Time Build Order
Export as new Build Order

pixi Protoss - Winner!

Build Orders:  

Get SALT Encoding   

  12  0:03  Probe (Chrono Boost)  
  13  0:32  Pylon  
  13  0:43  Pylon  
  13  0:46  Probe  
  14  0:58  Probe  
  14  1:01  Forge  
  15  1:10  Probe (Chrono Boost)  
  16  1:11  Gateway  
  16  1:16  Gateway  
  16  1:22  Probe (Chrono Boost)  
  17  1:30  Assimilator  
  17  1:56  Probe  
  17  1:57  Assimilator  
  18  2:06  Cybernetics Core  
  18  2:09  Probe (Chrono Boost), Zealot  
  18  2:12  Photon Cannon  
  21  2:17  Zealot  
  21  2:21  Probe (Chrono Boost)  
  24  2:29  Probe (Chrono Boost)  
  25  2:35  Probe  
  26  2:47  Probe  
  27  2:53  Pylon  
  27  2:54  Pylon  
  27  3:09  Nexus  
  27  3:18  Photon Cannon  
  27  3:25  Warp Gate  
  27  3:30  Stalker  
  27  3:33  Sentry  
  31  3:40  Probe (Chrono Boost)  
  32  3:50  Probe (Chrono Boost)  
  33  3:59  Zealot  
  33  4:00  Zealot  
  37  4:04  Probe  
  38  4:16  Probe (Chrono Boost)  
  39  4:23  Probe (Chrono Boost)  
  40  4:26  Sentry  
  40  4:27  Stalker  
  44  4:34  Probe (Chrono Boost)  
  44  4:36  Assimilator  
  45  4:39  Probe (Chrono Boost)  
  45  4:44  Assimilator  
  46  4:57  Zealot  
  48  5:14  Pylon  
  48  5:16  Photon Cannon  
  48  5:21  Photon Cannon  
  48  5:25  Pylon  
  48  5:29  Gateway  
  48  5:30  Gateway  
  48  5:41  Photon Cannon  
  48  5:43  Pylon  
  48  5:53  Pylon  
  48  6:00  Pylon  
  48  6:05  Probe (Chrono Boost)  
  49  6:15  Probe (Chrono Boost)  
  50  6:20  Probe (Chrono Boost)  
  51  6:28  Probe  
  51  6:32  Stalker, Probe (Chrono Boost)  
  55  6:33  Stalker x2  
  55  6:34  Stalker  
  55  6:35  Protoss Air Weapons Level 1 (Chrono Boost)  
  61  6:44  Probe (Chrono Boost)  
  62  6:52  Probe (Chrono Boost)  
  63  6:56  Twilight Council  
  63  6:58  Probe  
  64  7:10  Probe  
  65  7:15  Robotics Facility  
  65  7:31  Pylon  
  65  7:32  Photon Cannon  
  65  7:35  Pylon  
  65  7:40  Stargate  
  65  7:42  Stargate  
  65  7:48  Stargate  
  65  7:50  Stargate  
  65  7:51  Stargate  
  65  7:56  Stargate  
  65  8:01  Stargate  
  65  8:06  Probe (Chrono Boost)  
  66  8:16  Stalker, Probe (Chrono Boost)  
  66  8:17  Stalker  
  66  8:18  Stalker x2  
  75  8:21  Probe (Chrono Boost)  
  76  8:32  Probe  
  77  8:34  Charge  
  77  8:37  Protoss Air Armor Level 1  
  77  8:54  Templar Archives  
  51  9:54  Void Ray  
  51  9:55  Void Ray x4  
  71  10:29  Nexus  
  71  10:32  Assimilator  
  71  10:35  Assimilator  
  71  10:39  Pylon  
  71  10:40  Pylon  
  71  10:43  Pylon  
  71  10:45  Pylon  
  63  10:59  Void Ray x3  
  63  11:00  Void Ray x2  
  83  11:30  High Templar x2  
  87  11:41  Photon Cannon  
  87  11:43  Photon Cannon  
  87  11:45  Photon Cannon  
  87  11:48  Photon Cannon  
  87  11:54  Photon Cannon x2  
  87  11:56  Photon Cannon  
  87  12:00  Probe  
  88  12:12  Probe (Chrono Boost)  
  89  12:21  Probe (Chrono Boost)  
  90  12:26  Probe (Chrono Boost)  
  91  12:38  Probe  
  92  12:50  Probe (Chrono Boost)  
  93  13:01  Probe (Chrono Boost)  
  93  13:05  Void Ray x4, Probe (Chrono Boost)  
  98  13:06  Void Ray x3  
  123  13:17  Probe  
  124  13:29  Probe  
  125  13:41  Probe  
  126  13:48  Void Ray x2  
  126  13:53  Probe (Chrono Boost)  
  126  13:54  Robotics Bay  
  135  13:56  Robotics Bay  
  135  13:58  Robotics Bay  
  135  14:02  Dark Shrine  
  135  14:05  Probe (Chrono Boost)  
  136  14:13  Probe (Chrono Boost)  
  137  14:19  Probe  
  138  14:31  Probe  
  139  14:42  High Templar  
  139  14:43  High Templar  
  139  14:44  High Templar x2  
  147  14:52  Psionic Storm  
  147  14:57  Blink  
  147  15:01  Protoss Ground Weapons Level 1  
  147  15:15  Fleet Beacon  
  143  16:24  High Templar  
  143  16:25  High Templar  
  147  16:26  High Templar x2  
  151  16:41  Tempest  
Show
View Real Time Build Order
Export as new Build Order

RonTron Protoss - Winner!

Build Orders:  

Get SALT Encoding   

  12  0:02  Probe  
  13  0:20  Pylon  
  13  0:27  Assimilator  
  13  0:32  Probe  
  14  0:53  Probe  
  15  1:10  Gateway  
  15  1:19  Forge  
  15  1:25  Probe  
  16  1:45  Gateway  
  16  1:48  Probe  
  17  2:01  Probe  
  17  2:07  Cybernetics Core  
  18  2:13  Pylon  
  18  2:16  Zealot  
  18  2:17  Assimilator  
  20  2:29  Pylon  
  20  2:35  Protoss Ground Armor Level 1 (Chrono Boost)  
  20  2:36  Probe  
  21  2:42  Zealot  
  23  3:00  Nexus  
  23  3:04  Probe  
  24  3:08  Zealot  
  26  3:21  Robotics Facility  
  26  3:25  Pylon  
  26  3:27  Probe  
  27  3:36  Pylon  
  27  3:50  Twilight Council  
  27  3:58  Stalker  
  29  4:11  Gateway  
  29  4:21  Stargate  
  29  4:26  Stalker  
  29  4:29  Probe  
  32  4:45  Shield Battery, Probe  
  33  4:50  Charge (Chrono Boost)  
  33  4:57  Probe  
  34  5:05  Stalker  
  36  5:13  Stalker  
  38  5:17  Probe  
  39  5:29  Probe  
  39  5:33  Phoenix  
  42  5:37  Observer  
  43  5:51  Zealot  
  43  5:53  Probe  
  46  5:57  Assimilator  
  46  6:05  Probe  
  46  6:08  Phoenix  
  49  6:17  Probe  
  50  6:29  Fleet Beacon  
  50  6:30  Stalker, Probe  
  53  6:39  Assimilator  
  53  6:42  Probe  
  54  6:54  Probe  
  55  7:23  Tempest  
  55  7:29  Probe  
  61  7:41  Probe  
  61  7:43  Stargate  
  62  7:45  Pylon  
  62  7:47  Pylon  
  62  7:52  Observer  
  62  7:53  Probe  
  62  7:57  Robotics Bay  
  64  8:05  Probe  
  65  8:14  Tempest  
  65  8:17  Probe  
  71  8:29  Probe  
  72  8:41  Probe  
  61  9:14  Tempest  
  58  9:21  Stalker x2  
  58  9:22  Stalker  
  62  9:40  Tempest  
  67  9:48  Stargate  
  67  9:51  Stalker x2  
  71  9:57  Nexus  
  71  9:59  Observer  
  72  10:15  Tempest  
  54  11:13  Tempest  
  54  11:14  Tempest  
  64  11:21  Stargate  
  64  11:31  Stalker x2  
  64  11:32  Stalker  
  70  11:36  Probe  
  71  11:42  Assimilator  
  71  11:46  Pylon  
  76  11:47  Tempest (Chrono Boost), Pylon  
  76  11:48  Probe  
  77  11:57  Tempest (Chrono Boost)  
  77  11:58  Tempest (Chrono Boost)  
  77  12:01  Stalker, Probe  
  88  12:02  Colossus  
  88  12:05  Protoss Ground Armor Level 2 (Chrono Boost)  
  96  12:13  Probe  
  96  12:15  Protoss Air Armor Level 1 (Chrono Boost)  
  97  12:19  Tempest (Chrono Boost)  
  102  12:25  Probe  
  102  12:29  Probe  
  104  12:37  Probe  
  104  12:40  Stargate  
  104  12:41  Probe  
  106  12:49  Probe  
  107  12:53  Probe  
  108  13:01  Probe  
  115  13:06  Carrier (Chrono Boost), Probe  
  116  13:13  Probe  
  117  13:20  Assimilator  
  117  13:34  Pylon x2  
  117  13:37  Pylon  
  117  13:52  Stalker, Probe x2  
  117  13:55  Tempest x2  
  131  14:04  Probe  
  132  14:16  Probe  
  133  14:25  Stargate  
  133  14:28  Probe  
  133  14:29  Pylon x2  
  133  14:30  Pylon  
  134  14:39  Nexus  
  134  14:40  Probe  
  135  14:52  Probe  
  136  15:04  Probe  
  137  15:08  Pylon  
  137  15:09  Pylon  
  137  15:11  Pylon  
  136  15:16  Probe  
  137  15:29  Probe  
  137  15:30  Colossus  
  144  15:41  Probe  
  144  15:42  Pylon  
  145  15:44  Pylon  
  141  15:51  Tempest  
  141  15:52  Tempest x2  
  146  16:00  Carrier  
  152  16:09  Probe  
  153  16:21  Probe  
  152  16:33  Probe  
  152  16:36  Tempest x2  
  153  16:45  Probe  
Show
View Real Time Build Order
Export as new Build Order

MrFercho Zerg 

Build Orders: Pool First 

Get SALT Encoding   

  12  0:02  Drone  
  13  0:21  Drone  
  13  0:28  Extractor  
  13  0:29  Extractor, Drone x2  
  16  0:38  Spawning Pool  
  15  1:01  Overlord  
  15  1:19  Drone x2  
  15  1:20  Drone  
  18  1:28  Hatchery  
  17  1:43  Drone x2  
  19  1:49  Extractor  
  19  1:51  Queen  
  20  1:58  Drone  
  21  2:51  Drone x3  
  24  3:02  Hatchery x2  
  22  3:05  Queen  
  22  3:07  Drone  
  22  3:08  Drone x2  
  27  3:14  Drone  
  27  3:16  Overlord  
  28  3:57  Lair  
  28  4:02  Extractor  
  27  4:04  Drone  
  27  4:05  Drone x5  
  32  4:38  Drone x5  
  35  4:39  Drone x4  
  41  4:45  Spine Crawler  
  40  4:58  Evolution Chamber  
  39  5:00  Evolution Chamber  
  38  5:27  Hydralisk Den  
  37  5:33  Infestation Pit  
  36  5:36  Drone x6  
  36  5:37  Drone  
  36  5:42  Extractor x2  
  41  5:54  Pneumatized Carapace  
  41  5:56  Burrow  
  41  6:10  Drone x2  
  41  6:11  Drone x5  
  46  6:14  Overlord  
  46  6:15  Overlord x4  
  48  6:53  Overseer x3  
  48  6:54  Overseer  
  48  6:58  Grooved Spines  
  48  7:01  Zerg Missile Weapons Level 1  
  48  7:10  Hydralisk  
  48  7:11  Hydralisk x2  
  54  7:34  Hive  
  54  7:44  Zerg Ground Armor Level 1  
  54  7:50  Hatchery  
  54  7:51  Drone x3  
  55  7:52  Extractor  
  55  7:54  Extractor  
  54  8:09  Muscular Augments  
  54  8:19  Overlord x2  
  54  8:20  Overlord x2  
  54  8:26  Pathogen Glands  
  54  8:35  Queen  
  54  8:36  Extractor, Hatchery, Queen  
  54  8:39  Queen  
  54  8:40  Extractor  
  57  8:44  Drone  
  57  8:45  Drone x13  
  57  8:46  Drone x3  
  67  9:22  Neural Parasite  
  64  9:25  Hydralisk  
  64  9:26  Hydralisk x13  
  92  9:32  Drone x3  
  95  9:43  Hydralisk x4  
  103  10:12  Drone x3  
  106  10:35  Hydralisk x2  
  102  10:36  Hydralisk x10  
  102  10:41  Unknown  
  114  10:56  Hydralisk  
  100  10:57  Hydralisk x3  
  108  11:13  Drone x10  
  108  11:32  Drone x3  
  111  11:58  Hydralisk x7  
  111  11:59  Hydralisk x3  
  131  12:02  Overlord  
  131  12:03  Overlord x5  
  131  12:04  Overlord  
  131  12:09  Zerg Missile Weapons Level 2, Zerg Ground Armor Level 2  
  131  12:31  Hatchery  
  130  12:38  Ultralisk Cavern  
  130  12:42  Lurker Den  
  128  12:50  Drone x3  
  131  13:03  Hydralisk  
  131  13:04  Hydralisk x12  
  157  13:07  Infestor x2  
  161  13:32  Spire  
  160  13:50  Adaptive Talons  
  160  13:52  Chitinous Plating  
  160  14:09  Drone x3  
  163  14:17  Drone x3  
  163  14:23  Hydralisk x3  
  172  14:25  Ultralisk x3  
  190  14:44  Hydralisk  
  190  14:45  Hydralisk  
  194  14:47  Seismic Spines, Overlord  
  194  14:48  Overlord x5  
  194  14:49  Overlord  
  194  15:11  Anabolic Synthesis  
  194  15:17  Overseer x3  
  138  15:52  Hydralisk x12  
  138  15:53  Hydralisk x3  
  96  16:46  Hydralisk  
  96  16:47  Hydralisk x14  
Show
View Real Time Build Order
Export as new Build Order

tigro Terran 

Build Orders:  

Get SALT Encoding   

  12  0:04  SCV  
  13  0:16  SCV  
  14  0:27  Supply Depot  
  14  0:28  SCV  
  15  0:36  Refinery  
  15  0:48  SCV  
  16  0:56  Barracks  
  16  1:00  SCV  
  17  1:05  Refinery  
  17  1:12  SCV  
  18  1:25  SCV  
  19  1:37  SCV  
  20  1:46  Marine  
  21  1:48  Supply Depot  
  21  1:49  SCV  
  22  2:03  Barracks, Marine  
  23  2:10  SCV  
  24  2:21  Marine  
  24  2:22  SCV  
  26  2:27  Engineering Bay  
  26  2:34  SCV  
  27  2:39  Marine  
  28  2:57  Marine, Orbital Command  
  29  3:13  Barracks Tech Lab  
  29  3:17  Terran Infantry Weapons Level 1  
  29  3:20  Command Center  
  29  3:42  Barracks Tech Lab  
  29  3:58  Combat Shield, Factory  
  29  4:09  Stimpack  
  29  4:17  Marine x2  
  30  4:56  Starport  
  30  5:03  Marine x2  
  32  5:12  Terran Infantry Armor Level 1  
  32  5:17  Concussive Shells, Factory Tech Lab  
  32  5:21  Marine x2  
  34  5:29  Refinery  
  34  5:33  Planetary Fortress  
  34  5:35  Armory  
  34  5:39  Marine x2  
  36  5:56  Marine  
  36  5:57  Marine  
  37  6:01  Medivac  
  40  6:14  Marine x2  
  42  6:19  SCV  
  43  6:26  Missile Turret  
  43  6:28  Siege Tank  
  43  6:31  SCV  
  47  6:40  Terran Vehicle And Ship Armor Level 1  
  47  6:43  SCV  
  48  6:55  SCV  
  48  6:56  Refinery  
  48  6:59  Missile Turret  
  49  7:05  Neosteel Armor  
  49  7:08  SCV  
  50  7:11  Siege Tank  
  50  7:14  Marine x2  
  55  7:30  Missile Turret  
  55  7:32  Marine x2  
  57  7:43  Siege Tank  
  60  7:45  Starport Tech Lab  
  60  7:55  SCV  
  61  8:08  SCV  
  62  8:15  Missile Turret  
  62  8:40  Supply Depot  
  62  8:41  Supply Depot  
  62  8:46  Hi-Sec Auto Tracking  
  62  8:50  SCV  
  62  8:52  Fusion Core  
  53  9:00  Marine x2  
  36  9:03  SCV  
  37  9:11  Medivac  
  37  9:15  SCV  
  40  9:18  Marine x2  
  41  9:36  Marine x2  
  43  9:41  Banshee  
  43  9:42  Terran Infantry Weapons Level 2  
  46  9:54  Marine x2, Missile Turret  
  48  10:11  Marine x2, Weapon Refit  
  50  10:24  Banshee  
  53  10:29  Marine x2  
  46  10:47  Marine x2  
  41  11:05  Marine x2  
  41  11:07  Viking  
  43  11:23  Marine x2  
  45  11:37  Battlecruiser  
  51  11:40  Marine  
  51  11:41  Marine  
  53  11:47  Thor  
  53  11:51  Rapid Reignition System  
  59  11:58  Marine x2  
  61  12:10  Terran Infantry Armor Level 2  
  61  12:16  Marine x2  
  63  12:25  Cloaking Field  
  63  12:30  Thor  
  63  12:34  Marine x2  
  71  12:41  Battlecruiser  
  77  12:52  Marine  
  78  13:17  Missile Turret  
  78  13:44  Hyperflight Rotors, Advanced Ballistics  
  78  13:46  Missile Turret  
  78  13:47  Terran Vehicle Weapons Level 1  
  78  13:53  Medivac, Marine x2  
  82  14:11  Marine x2  
  82  14:14  Thor  
  90  14:19  Missile Turret  
  90  14:23  Medivac  
  92  14:26  Terran Infantry Weapons Level 3  
  92  14:29  Marine x2  
  94  15:22  Supply Depot  
  94  15:41  Marine x2  
  93  15:44  Battlecruiser  
  93  15:45  Supply Depot, Corvid Reactor  
  46  15:58  Marine x2  
  48  16:08  Supply Depot  
  48  16:16  Marine x2  
  50  16:23  Thor  
  48  16:34  Marine x2  
  50  16:48  Medivac  
  50  16:52  Marine x2  
  56  17:10  Marine x2  
Show
View Real Time Build Order
Export as new Build Order

TATORREA Protoss 

Build Orders: Chargelot Immortal 

Get SALT Encoding   

  12  0:04  Probe  
  13  0:25  Probe (Chrono Boost)  
  13  0:26  Pylon  
  15  0:36  Probe (Chrono Boost)  
  15  0:43  Probe  
  15  0:49  Gateway  
  16  0:54  Gateway  
  16  0:58  Probe  
  17  1:11  Assimilator  
  17  1:12  Probe  
  18  1:29  Probe  
  19  1:47  Probe  
  20  1:58  Cybernetics Core  
  20  1:59  Probe  
  21  2:02  Nexus  
  21  2:11  Pylon  
  21  2:19  Probe  
  21  2:22  Assimilator  
  22  2:56  Probe  
  23  3:14  Gateway  
  23  3:17  Pylon  
  23  3:22  Gateway  
  23  3:23  Gateway  
  23  3:24  Twilight Council  
  23  3:31  Pylon  
  23  3:35  Pylon, Probe  
  23  3:39  Stalker  
  23  3:40  Probe  
  23  3:41  Warp Gate (Chrono Boost)  
  25  3:47  Probe  
  28  3:52  Probe  
  29  3:59  Probe  
  30  4:04  Probe  
  31  4:10  Robotics Facility  
  31  4:11  Probe  
  31  4:12  Zealot  
  31  4:16  Probe  
  35  4:17  Zealot  
  37  4:37  Probe x2  
  39  4:53  Probe x2  
  39  4:59  Immortal  
  45  5:03  Charge  
  45  5:06  Probe x2  
  47  5:12  Assimilator  
  47  5:16  Assimilator  
  47  5:18  Probe x2  
  49  5:28  Pylon  
  49  5:30  Probe x2  
  49  5:34  Stalker x3  
  57  5:37  Zealot  
  57  5:38  Immortal  
  57  5:40  Zealot  
  65  5:43  Probe x2  
  67  5:58  Probe x2  
  67  6:01  Zealot x3  
  67  6:02  Zealot  
  77  6:31  Nexus  
  77  6:35  Pylon  
  77  6:38  Pylon  
  77  6:53  Pylon, Warp Prism  
  79  6:59  Probe x2  
  49  7:23  Stalker  
  49  7:24  Stalker x4  
  49  7:29  Immortal  
  63  7:47  Zealot  
  63  7:48  Zealot x4  
  73  7:51  Probe  
  73  7:52  Probe x2  
  76  8:03  Gateway  
  76  8:04  Gateway, Probe x3  
  79  8:06  Gateway  
  79  8:07  Gateway  
  79  8:16  Probe x3  
  79  8:19  Stargate  
  82  8:21  Stargate  
  82  8:23  Robotics Bay  
  82  8:28  Probe x3  
  82  8:31  Immortal  
  90  8:41  Probe x2  
  90  8:42  Probe  
  90  8:46  Stalker  
  90  8:47  Stalker  
  96  8:48  Stalker  
  96  8:49  Stalker  
  98  9:06  Forge  
  66  9:19  Zealot  
  66  9:20  Zealot x3  
  66  9:21  Zealot x4  
  66  9:22  Zealot  
  64  9:45  Zealot x3  
  43  9:46  Zealot x2  
  43  9:47  Zealot x4  
  43  9:52  Void Ray  
  63  9:58  Phoenix  
  65  10:08  Zealot x2  
  69  10:23  Phoenix  
  71  10:35  Phoenix  
  71  10:48  Phoenix  
  47  11:59  Zealot x2  
  47  12:00  Zealot x3  
  57  12:04  Void Ray x2  
  57  12:07  Extended Thermal Lance  
  65  12:09  Colossus  
  71  12:51  Nexus  
  71  12:54  Pylon, Protoss Ground Weapons Level 1  
  71  12:57  Pylon  
  71  13:00  Pylon  
  71  13:03  Pylon  
  71  13:07  Pylon  
  71  13:14  Phoenix x2  
  71  13:15  Protoss Air Weapons Level 1, Pylon  
  71  13:19  Pylon  
  75  13:39  Void Ray  
  79  13:55  Gateway  
  79  13:57  Gateway  
  79  14:00  Gateway  
  79  14:05  Gateway, Probe  
  79  14:06  Probe x2  
  82  14:14  Stalker  
  84  14:21  Phoenix  
  86  14:37  Assimilator  
  86  14:42  Assimilator  
  86  14:59  Nexus  
  86  15:22  Fleet Beacon  
  86  15:28  Protoss Air Armor Level 1  
Tags
 
Add a new tag
Caveats
  • Supply blocks, unpowered buildings, or Contaminate may cause inaccurate times.
  • Supply counts are checked every 10 seconds.